 Dungeon Crawl Stone Soup version 0.23.0 (webtiles) character file.

Game seed: 9229334049329089017

60 Vno the Conjurer (level 3, -3/26 HPs)
             Began as a Draconian Conjurer on Feb 8, 2019.
             Slain by a worm (7 damage)
             ... on level 2 of the Dungeon.
             The game lasted 00:05:43 (1094 turns).

Vno the Conjurer (Draconian Conjurer)               Turns: 1094, Time: 00:05:44

Health: -3/26      AC:  5    Str: 10    XL:     3   Next: 82%
Magic:  1/6        EV: 12    Int: 16    God:
Gold:   64         SH:  0    Dex: 11    Spells: 5/6 levels left

rFire    . . .     SeeInvis +   h - +0 short sword (speed)
rCold    . . .     Gourm    .   (no shield)
rNeg     . . .     Faith    .   (armour unavailable)
rPois    .         Spirit   .   (helmet restricted)
rElec    .         Reflect  .   (no cloak)
rCorr    .         Harm     .   (no gloves)
MR       .....                  (no boots)
Stlth    ++........             (no amulet)
HPRegen  0.08/turn              i - ring of see invisible
MPRegen  0.10/turn              (no ring)

@: very slightly contaminated
A: unfitting armour, cold-blooded, AC +5
a: no special abilities


You were on level 2 of the Dungeon.
You were hungry.

You visited 1 branch of the dungeon, and saw 2 of its levels.

You collected 64 gold pieces.

Inventory:

Hand Weapons
 g - a +0 short sword
 h - a +0 short sword of speed (weapon)
Jewellery
 i - a ring of see invisible (left hand)
Wands
 m - a wand of disintegration (15)
Scrolls
 a - 2 scrolls of amnesia {unknown}
 c - 4 scrolls of identify {unknown}
 d - a scroll of random uselessness {unknown}
 k - a scroll of teleportation {unknown}
Potions
 e - 2 potions of flight {unknown}
 f - a potion of haste {unknown}
 l - a potion of ambrosia {unknown}
Comestibles
 b - 5 rations


   Skills:
 - Level 1.8 Dodging
 - Level 1.9 Stealth
 - Level 0.1 Unarmed Combat
 + Level 2.2 Spellcasting
 * Level 5.2 Conjurations


You had 5 spell levels left.
You knew the following spells:

 Your Spells              Type           Power        Failure   Level  Hunger
a - Magic Dart            Conj           ###.         2%          1    #......

Your spell library contained the following spells:

 Spells                   Type           Power        Failure   Level  Hunger
 Searing Ray              Conj           ###...       3%          2    ###....
 Dazzling Spray           Conj/Hex       ##....       21%         3    ###....
 Iskenderun's Mystic Bla  Conj           ###.....     24%         4    #####..
 Force Lance              Conj/Tloc      ##......     56%         4    #####..
 Fulminant Prism          Conj/Hex       ##........   56%         4    #####..


Dungeon Overview and Level Annotations

Branches:
Dungeon (2/15)

Altars:
Ashenzari
Qazlal
Wu Jian
Xom


Innate Abilities, Weirdness & Mutations

Your plain brown scales are hard. (AC +5)
You cannot fit into any form of body armour.
You are cold-blooded and may be slowed by cold attacks.


Message History

The worm is heavily wounded.
You barely miss the worm.
The worm is heavily wounded.
The worm bites you!
You hit the worm but do no damage.
You tail-slap the worm, but do no damage.
The worm is heavily wounded.
You hit the worm.
The worm is heavily wounded.
The worm bites you.
* * * LOW HITPOINT WARNING * * *
You barely miss the worm.
The worm is heavily wounded.
You are feeling hungry.
You hit the worm but do no damage.
Your tail-slap misses the worm.
The worm is heavily wounded.
You barely miss the worm.
The worm is heavily wounded.
The worm bites you!
You die...

#. #...########## #
#.##............## ###
###....#..#######..###..
#.$....##....## ##......
....###..#####<.#
###..._ ### #.#######.#
###.. ##.........# #..
####..w######## ###
........@.......
######.######### #.# #.#
#.# #.# #.


You could see a worm.

Vanquished Creatures
  2 adders (D:2)
  2 oozes (D:1)
  3 dart slugs (D:1)
  3 leopard geckos
  A ball python (D:1)
  A giant cockroach (D:2)
  A goblin (D:2)
  4 hobgoblins (D:1)
  2 bats (D:1)
  3 frilled lizards
  2 kobolds (D:1)
  2 rats (D:1)
26 creatures vanquished.

Notes
Turn   | Place    | Note
-------+----------+-------------------------------------------
     0 | D:1      | Vno the Draconian Conjurer began the quest for the Orb.
     0 | D:1      | Reached XP level 1. HP: 14/14 MP: 3/3
   296 | D:1      | Reached XP level 2. HP: 20/20 MP: 0/5
   555 | D:1      | You fall through a shaft!
   557 | D:2      | Reached XP level 3. HP: 26/26 MP: 2/6
   617 | D:2      | Found a stormy altar of Qazlal.
   621 | D:2      | Reached skill level 5 in Conjurations
   624 | D:2      | Found a shimmering altar of Xom.
   624 | D:2      | Found an ornate altar of the Wu Jian Council.
   624 | D:2      | Found a shattered altar of Ashenzari.
  1094 | D:2      | Slain by a worm

Skill      XL: |  1  2  3 |
---------------+----------+-----
Conjurations   | 5 |  5.2
Dodging        | |  1.8
Stealth        | |  1.9
Unarmed Combat | |  0.1
Spellcasting   | |  2.2

Action                   || total
-------------------------++-------
Melee: Unarmed           ||    13
       Tailslap          ||     4
       Short sword       ||    30
 Cast: Magic Dart        ||    57
  Eat: Chunk             ||     1
Armor: Skin              ||     7
Dodge: Dodged            ||    24
